cohdb
Replays
Latest Replays
All Replays
Popular Replays
Top Player Replays
Match Explorer
How It Works
Community
CoH3 Stats
Reddit
Sign in to upload your games and track your stats! →
Sign in with Steam
Match 40311123
Unlisted
Match 40311123
Overview
Messages
Build Orders
End
Construct Section Command Post
Vickers Machine Gun Team
Infantry Section
Infantry Section
Infantry Section
Infantry Section
Construct Platoon Command Post
Infantry Training
Construct Company Command Post
6-pounder Anti-tank Gun Team
Selects Heavy Armor Battlegroup
Selects Rigorous Vehicle Training
Selects Light Vehicle Withdraw and Refit
Selects Radio Net
Foot Guards Section
Crusader II Medium Tank
Armored Vehicle Training
Selects Recon Artillery
Selects Forward Repair Assembly
Foot Guards Section
Crusader II Medium Tank
Recon Artillery
Royal Engineer Section
Crusader II Medium Tank
Recon Artillery
Unlock M3 Grant Medium Tanks
M3 Grant Medium Tank
Selects Churchill Black Prince Heavy Tank
Churchill Black Prince Heavy Tank
Dromaeda
SturmTigerGoat
Saueee
IRAN™man of connection lost
0
0
Comments
sign in to comment!
No comments posted yet!